General information
- name: BNet
- type: Ladder 1vs1/FFA
- host: Battle.net
- saver: FortMillEER
map: LostTemple
- players: 2
- length: 13:33
- speed: Fast
- version: 1.21 W3XP
- replay type: Public
» download(27 KB)
Players
team 1 (loser)
DaFunkyChicken (
teal | 37 APM | 261 actions | 07:04)
1 Far Seer
1 Feral Spirit
» actions
| Basic commands | 7 | |
| Build / train | 18 | |
| Enter build submenu | 16 | |
| Enter hero's abilities submenu | 1 | |
| Right click | 79 | |
| Select / deselect | 117 | |
| Use ability | 23 | |
261 total
» units
» upgrades
» buildings
| Altar of Storms | 1 | |
| Orc Burrow | 2 | |
| War Mill | 1 | |
| Watch Tower | 10 | |
| Stronghold | 2 | |
| Barracks | 2 | |
18 total
» build order
00:30 Altar of Storms
00:45 Orc Burrow
01:00 War Mill
01:51 Orc Burrow
02:19 Watch Tower
02:57 Watch Tower
04:12 Watch Tower
04:15 Watch Tower
04:19 Watch Tower
04:52 Stronghold
05:12 Stronghold
05:22 Watch Tower
05:26 Watch Tower
05:31 Watch Tower
05:59 Watch Tower
06:29 Barracks
06:35 Barracks
06:41 Watch Tower
team 2 (winner)
FortMillEER (
orange | 26 APM | 356 actions | 13:33)
4 Far Seer
2 Feral Spirit
2 Chain Lighting
» actions
| Assign group hotkey | 16 | |
| Build / train | 26 | |
| ESC pressed | 2 | |
| Enter build submenu | 10 | |
| Enter hero's abilities submenu | 4 | |
| Remove unit from queue | 1 | |
| Right click | 127 | |
| Select / deselect | 129 | |
| Select group hotkey | 16 | |
| Use ability | 25 | |
356 total
» units
» upgrades
» buildings
| Altar of Storms | 1 | |
| Orc Burrow | 4 | |
| Barracks | 2 | |
| Voodoo Lounge | 1 | |
| Stronghold | 1 | |
| War Mill | 1 | |
| Fortress | 1 | |
11 total
» build order
00:15 Altar of Storms
00:23 Orc Burrow
00:33 Barracks
01:47 Orc Burrow
02:15 Voodoo Lounge
03:45 Stronghold
05:18 War Mill
05:23 Orc Burrow
05:54 Barracks
06:25 Orc Burrow
12:58 Fortress
» items
Chat log
(01:03 / All) FortMillEER: gl hf
(01:09 / All) DaFunkyChicken: thx u2